 Dungeon Crawl Stone Soup version 0.25-a0-737-g26c3a87c45 (webtiles) character file.

Game seed: 14171418657418810037, levelgen mode: deterministic

23 vurker the Gusty (level 2, -1/12 HPs)
             Began as a Felid Air Elementalist on Apr 12, 2020.
             Slain by an adder (3 damage)
             ... on level 2 of the Dungeon.
             The game lasted 00:01:09 (852 turns).

vurker the Gusty (Felid Air Elementalist)            Turns: 852, Time: 00:01:10

Health: -1/12      AC:  1    Str:  4    XL:     2   Next: 72%
Magic:  0/6        EV: 18    Int: 16    God:
Gold:   34         SH:  0    Dex: 16    Spells: 4/5 levels left
                                        Lives:  0   Deaths: 0

rFire    . . .     SeeInvis +   (weapon unavailable)
rCold    . . .     Gourm    .   (shield unavailable)
rNeg     . . .     Faith    .   (armour unavailable)
rPois    .         Spirit   .   (helmet unavailable)
rElec    .         Reflect  .   (cloak unavailable)
rCorr    .         Harm     .   (gloves unavailable)
MR       .....                  (boots unavailable)
Stlth    +++.......             (no amulet)
HPRegen  0.04/turn              (no ring)
MPRegen  0.10/turn              (no ring)

@: brilliant, quick
A: very small, no armour, no weapons or thrown items, stealth, claws 1, fangs 3,
see invisible, carnivore, speed 1, shaggy fur 1, slow metabolism 1, sharp paws
a: no special abilities


You were on level 2 of the Dungeon.
You were completely stuffed.

You visited 1 branch of the dungeon, and saw 2 of its levels.

You collected 34 gold pieces.

Inventory:

Scrolls
 d - a scroll of immolation {unknown}
Potions
 b - a potion of heal wounds {unknown}
Comestibles
 e - 2 rations
 f - 4 chunks of flesh


   Skills:
 + Level 0.6 Fighting
 - Level 2.6 Dodging
 - Level 2.6 Stealth
 * Level 2.4 Spellcasting
 + Level 1.2 Conjurations
 * Level 3.0 Air Magic


You had 4 spell levels left.
You knew the following spells:

 Your Spells              Type           Power        Failure   Level  Hunger
a - Shock                 Conj/Air       ##..         9%          1    None

Your spell library contained the following spells:

 Spells                   Type           Power        Failure   Level  Hunger
 Swiftness                Chrm/Air       ##......     16%         2    None
 Static Discharge         Conj/Air       ##......     24%         3    None
 Airstrike                Air            ###.......   50%         4    None
 Lightning Bolt           Conj/Air       ##........   92%         5    None


Dungeon Overview and Level Annotations

Branches:
Dungeon (2/15)

Altars:


Innate Abilities, Weirdness & Mutations

You cannot wear armour.
You are incapable of wielding weapons or throwing items.
Your paws allow you to move quietly. (Stealth)
You have sharp claws.
You have razor-sharp teeth.
You have supernaturally acute eyesight. (SInv)
You are carnivorous and can eat meat at any time.
You cover ground quickly.
You are covered in fur. (AC +1)
You have a slow metabolism.
Your sharp claws are effective at attacking unaware monsters.


Message History

Eating one of 2 chunks of flesh.
You eat one of the 2 chunks of flesh.
This raw flesh tastes great.
Things that are here:
a +0 club; a goblin corpse You butcher the goblin corpse.
f - 4 chunks of flesh (gained 3)
Things that are here:
a +0 club; a goblin skeleton
Things that are here:
a +0 club; a goblin skeleton Done exploring.
Done exploring.
Done exploring.
Done exploring.
There is a stone staircase leading down here.
You climb downwards.
Found a puce potion.
There is a stone staircase leading up here.
A hobgoblin comes into view. It is wielding a +0 club.
The hobgoblin shouts!
You hear an angry hiss.
An adder comes into view.
Found 11 gold pieces.
Aim: a hobgoblin, wielding a +0 club You miscast Shock.
You are very lightly contaminated with residual magic.
You smell something strange.
There is a stone staircase leading up here.
Aim: a hobgoblin, wielding a +0 club The zap hits the hobgoblin.
You kill the hobgoblin!
The zap misses the adder.
Aim: an adder The zap misses the adder.
Aim: an adder The zap hits the adder.
Aim: an adder (lightly wounded)
The zap hits the adder.
Aim: an adder (lightly wounded)
The zap misses the adder.
The adder bites you.
You don't have enough magic to cast that spell.
You scratch the adder. The adder bites you.
* * * LOW HITPOINT WARNING * * *
It was a potion of cancellation.
You feel magically purged.
Your magical contamination has completely faded away.
The adder barely misses you. The adder bites you.
* * * LOW HITPOINT WARNING * * *
It was a potion of brilliance.
You feel clever all of a sudden. The adder bites you.
You die...

.#.
....#######
....)..S@.#$#
......!.....#
.....####.###
.##. ...
..... .....#
######


You could see an adder.

Vanquished Creatures
  A leopard gecko (D:1)
  4 goblins (D:1)
  4 hobgoblins
  4 kobolds (D:1)
  2 bats (D:1)
  3 frilled lizards (D:1)
  3 rats (D:1)
21 creatures vanquished.

Notes
Turn   | Place    | Note
-------+----------+-------------------------------------------
     0 | D:1      | vurker the Felid Air Elementalist began the quest for the
                  | Orb.
     0 | D:1      | Reached XP level 1. HP: 7/7 MP: 4/4
   115 | D:1      | Reached skill level 1 in Conjurations
   293 | D:1      | Reached XP level 2. HP: 11/11 MP: 4/6
   562 | D:1      | Reached skill level 3 in Air Magic
   852 | D:2      | Slain by an adder

Levels and vault maps discovered:
D:1:      dpeg_arrival_tiny_k, layout_rooms
D:2:      layout_loops_ring, grunt_temple_overflow_forces_of_nature,
          marbit_many_paths

Skill      XL: |  1  2 |
---------------+-------+-----
Conjurations   | 1 |  1.2
Air Magic      | 3 |  3.0
Fighting       | |  0.6
Dodging        | |  2.6
Stealth        | |  2.6
Spellcasting   | |  2.4

Action                   || total
-------------------------++-------
Melee: Unarmed           ||    19
       Bite              ||     1
 Cast: Shock             ||    41
  Use: Potion            ||     2
  Eat: Chunk             ||     8
Dodge: Dodged            ||    21

Table legend:
 A = Non-vault XP
 B = Vault XP
 C = Vault XP percentage of total XP
 D = Non-vault monster count
 E = Vault monster count
 F = Vault count percentage of total count
                 A         B        C        D         E       F
            +---------+---------+-------+---------+---------+-------
      Total |      33 |       0 |   0.0 |      21 |       0 |   0.0
            +---------+---------+-------+---------+---------+-------
        D:1 |      31 |       0 |   0.0 |      20 |       0 |   0.0
        D:2 |       2 |       0 |   0.0 |       1 |       0 |   0.0
            +---------+---------+-------+---------+---------+-------
